Saguenéens vs Gangsters
Created - 7 mars 2016 at 20:58
Goals
|
| Saguenéens |
0 |
4 |
2 |
0 |
3 |
6 |
| Gangsters |
2 |
2 |
2 |
0 |
4 |
7 |
|
Shots
|
| Saguenéens |
7 |
18 |
4 |
1 |
7 |
30 |
| Gangsters |
7 |
18 |
9 |
1 |
7 |
35 |
|
1st period
1. Gangsters , Richard Panik 14 (Alexandre Bolduc, Patrik Nemeth) at 4:22
2. Gangsters , Richard Panik 15 (Gustav Nyquist, Alexandre Bolduc) at 12:00
Penalties :
Brian Flynn (Chi) for Roughing (Minor) at 5:52, Spencer Machacek (Chi) for Tripping (Minor) at 15:40
2nd period
3. Saguenéens , Brian Flynn 16 (Tim Kennedy, Karel Pilar) at 3:15
4. Gangsters , Gustav Nyquist 23 (Alexandre Bolduc, Matt Delahey) at 4:23
5. Saguenéens , Juraj Mikus 1 (Brett Lebda) at 7:23
6. Gangsters , Artem Anisimov 25 (Colten Teubert, Devante Smith-Pelly) at 9:29
7. Saguenéens , Juraj Mikus 2 (Brett Lebda, Jerry D'Amigo) at 11:22
8. Saguenéens , Brett Lebda 5 (Karel Pilar, Tim Kennedy) at 19:12
Penalties :
Justin Florek (Chi) for Slashing (Minor) at 0:51
3rd period
9. Gangsters , Gustav Nyquist 24 (Alexandre Bolduc, Patrik Nemeth) at 2:21
10. Gangsters , Alexandre Bolduc 34 (Colten Teubert, Richard Panik) at 3:35
11. Saguenéens , Mathieu Perreault 14 (Brian Flynn, Brett Lebda) at 10:24 (PP)
12. Saguenéens , Jerry D'Amigo 4 (Juraj Mikus, Karel Pilar) at 11:57
Penalties :
Matt Delahey (Bro) for Roughing (Minor) at 6:32, Devante Smith-Pelly (Bro) for Interference (Minor) at 9:48, Kyle Brodziak (Chi) for Holding (Minor) at 13:10, Michael Sdao (Bro) for Cross-checking (Minor) at 13:15
Overtime #1
No Goal
Penalties :
No Penalty
Shootout
Penalty Shot by Kyle Brodziak for Saguenéens - Goal!
Penalty Shot by Richard Panik for Gangsters - Stopped by Harru Sateri
Penalty Shot by Brian Flynn for Saguenéens - Stopped by Dustin Tokarski
Penalty Shot by Alexandre Bolduc for Gangsters - Goal!
Penalty Shot by Spencer Machacek for Saguenéens - Stopped by Dustin Tokarski
Penalty Shot by Ryan Jones for Gangsters - Stopped by Harru Sateri
Penalty Shot by Pierre-Luc Létourneau for Saguenéens - Stopped by Dustin Tokarski
Penalty Shot by Gustav Nyquist for Gangsters - Shot Misses the Net
Penalty Shot by Tim Kennedy for Saguenéens - Goal!
Penalty Shot by Ryan Johansen for Gangsters - Goal!
Penalty Shot by Karel Pilar for Saguenéens - Goal!
Penalty Shot by Nathan Gerbe for Gangsters - Goal!
Penalty Shot by Tyler McNeely for Saguenéens - Shot Misses the Net
Penalty Shot by Maxime Sauvé for Gangsters - Goal!
Penalties :
No Penalty
Goalie Stats
Al Montoya (Chi), 13 saves from 17 shots - (0,765), 29:29 minutes
Harru Sateri (Chi), 16 saves from 18 shots - (0,889), OTL, 16-10-3, 35:31 minutes
Dustin Tokarski (Bro), 24 saves from 30 shots - (0,800), W, 20-21-4, 65:00 minutes
Players Stats for Saguenéens
Player Name G A P +/- PIM S H SB GA TA FO MP PP MP PK MP
------------------------------------------------------------------------------------
Brandon Burlon 0 0 0 -2 0 2 0 0 0 0 0/0 12:31 0:00 0:00
Brett Lebda 1 3 4 1 0 3 3 2 2 1 0/0 26:50 1:58 2:44
Brian Flynn 1 1 2 1 2 5 2 1 1 0 2/11 16:11 1:31 0:00
Dalton Prout 0 0 0 -2 0 1 3 1 0 0 0/0 12:31 0:00 0:00
Jerry D'Amigo 1 1 2 3 0 1 0 0 0 1 0/1 7:27 0:00 0:00
Juraj Mikus 2 1 3 3 0 4 2 0 0 2 0/1 11:10 0:00 2:04
Justin Florek 0 0 0 3 2 0 1 0 0 2 1/1 11:11 0:00 1:09
Karel Pilar 0 3 3 0 0 0 4 1 0 0 0/0 28:30 0:42 3:18
Kevin Marshall 0 0 0 1 0 0 3 0 0 2 0/0 23:59 1:58 2:44
Kris Russell 0 0 0 0 0 0 1 2 0 3 0/0 25:39 0:42 3:18
Kyle Brodziak 0 0 0 -5 2 1 5 2 1 0 21/42 23:47 1:09 2:52
Mathieu Perreault 1 0 1 0 0 4 0 0 1 0 7/13 16:30 1:35 1:25
Pierre-Luc Létourneau 0 0 0 -5 0 2 3 0 1 1 1/2 22:53 1:05 2:16
Rhett Rakhshani 0 0 0 0 0 1 1 0 0 0 0/0 9:24 0:00 0:00
Spencer Machacek 0 0 0 -5 2 3 0 1 0 0 1/1 23:54 1:09 2:03
Tim Kennedy 0 2 2 1 0 2 0 0 0 0 0/0 14:23 0:00 0:15
Tyler McNeely 0 0 0 0 0 0 0 0 0 0 0/0 9:09 0:00 0:00
Tyler Pitlick 0 0 0 1 0 1 1 0 0 0 0/1 16:01 1:31 0:00
Players Stats for Gangsters
Player Name G A P +/- PIM S H SB GA TA FO MP PP MP PK MP
------------------------------------------------------------------------------------
Alexandre Bolduc 1 4 5 4 0 5 0 1 0 1 19/36 25:36 2:59 1:52
Artem Anisimov 1 0 1 -2 0 5 0 0 2 1 4/6 15:25 2:59 0:00
Ben Holmstrom 0 0 0 0 0 0 0 0 0 0 0/0 0:00 0:00 0:00
Colten Teubert 0 2 2 1 0 0 2 2 1 1 0/0 32:32 2:30 1:52
Curtis McKenzie 0 0 0 -1 0 0 1 0 0 0 0/0 9:17 0:04 0:34
Dave Dziurzynski 0 0 0 -1 0 1 1 0 1 0 0/0 6:16 0:00 0:00
Devante Smith-Pelly 0 1 1 -2 2 3 0 1 0 0 0/1 11:08 0:04 0:00
Gabriel Dumont 0 0 0 0 0 0 0 0 0 0 0/0 2:42 0:04 0:15
Gustav Nyquist 2 1 3 4 0 7 3 1 1 0 3/4 24:51 2:59 1:50
Luke Gazdic 0 0 0 -2 0 1 0 0 0 0 1/1 10:20 0:00 0:00
Matt Delahey 0 1 1 2 2 3 0 1 1 1 0/0 22:53 3:32 0:00
Maxime Sauvé 0 0 0 -1 0 2 1 0 0 0 3/3 6:16 0:00 0:00
Michael Sdao 0 0 0 -1 2 0 1 1 0 0 0/0 18:56 3:36 1:16
Mikko Lehtonen 0 0 0 0 0 1 1 0 0 0 0/0 13:43 0:00 0:00
Morgan Ellis 0 0 0 -1 0 1 0 1 0 0 0/0 15:25 0:00 0:48
Nathan Gerbe 0 0 0 0 0 0 1 0 0 0 0/0 0:46 0:00 0:00
Patrik Nemeth 0 2 2 1 0 0 0 3 0 1 0/0 19:58 0:00 1:24
Phil McRae 0 0 0 0 0 0 0 0 0 0 0/0 0:00 0:00 0:00
Richard Panik 2 1 3 4 0 3 0 1 2 1 0/1 20:39 2:59 0:00
Ryan Johansen 0 0 0 0 0 1 2 1 2 0 7/15 17:27 2:59 0:06
Ryan Jones 0 0 0 0 0 2 0 0 2 0 3/6 20:16 2:59 0:43
Shaun Heska 0 0 0 0 0 0 0 3 0 0 0/0 20:57 2:25 0:00
3 Stars
1 - Alexandre Bolduc (Bro)
2 - Gustav Nyquist (Bro)
3 - Richard Panik (Bro)
Power Play
Saguenéens - 1 on 3 Attempt(s) - 33,33%
Gangsters - 0 on 4 Attempt(s) - 0,00%
Penalty Kill
Saguenéens - 4 on 4 Attempt(s) - 100,00%
- Score 0 goal in Penalty Kill
Gangsters - 2 on 3 Attempt(s) - 66,67%
- Score 0 goal in Penalty Kill
Team Stat
Saguenéens - Hits : 29 - Faceoff Wins : 33 - Blocked Shots : 10 - Penalty Minutes : 8
Gangsters - Hits : 13 - Faceoff Wins : 40 - Blocked Shots : 16 - Penalty Minutes : 6
Official
Referees : Walsh Ian and Joannette Marc
Linesman : Derek Nansen and Don Henderson
Game Notes
Harru Sateri enters game at 9:29 of 2nd period
Shaun Heska is injured at 3:21 of 3rd period (Left Hip)
Finance
Level 1 -- Attendance: 1483 (74,15%) -- Ticket Income 51 905 $
Level 2 -- Attendance: 757 (75,70%) -- Ticket Income 11 355 $
Total Attendance: 2240 (74,67%)
Total Ticket Income: 63 260 $
Other Income: 3 163 $
Total Income: 66 423 $
Saguenéens
5 vs 5 Forward
Center Left Wing Right Wing Time % Phy DF OF
1 Kyle Brodziak Pierre-Luc Létourneau Spencer Machacek 40 1 2 2
2 Brian Flynn Tim Kennedy Tyler Pitlick 30 1 2 2
3 Mathieu Perreault Tyler McNeely Rhett Rakhshani 20 1 2 2
4 Juraj Mikus Justin Florek Jerry D'Amigo 10 1 2 2
5 vs 5 Defense
Defense Defense Time % Phy DF OF
1 Karel Pilar Kris Russell 35 1 2 2
2 Brett Lebda Kevin Marshall 32 1 2 2
3 Dalton Prout Brandon Burlon 23 1 2 2
4 Brett Lebda Karel Pilar 10 1 2 2
PowerPlay Forward
Center Left Wing Right Wing Time % Phy DF OF
1 Kyle Brodziak Pierre-Luc Létourneau Spencer Machacek 60 1 2 2
2 Brian Flynn Mathieu Perreault Tyler Pitlick 40 1 2 2
PowerPlay Defense
Defense Defense Time % Phy DF OF
1 Karel Pilar Kris Russell 60 1 2 2
2 Brett Lebda Kevin Marshall 40 1 2 2
Penalty Kill 4 Players Forward
Center Wing Time % Phy DF OF
1 Kyle Brodziak Spencer Machacek 60 1 2 2
2 Juraj Mikus Pierre-Luc Létourneau 40 1 2 2
Penalty Kill 4 Players Defense
Defense Defense Time % Phy DF OF
1 Karel Pilar Kris Russell 60 1 2 2
2 Brett Lebda Kevin Marshall 40 1 2 2
Penalty Kill - 3 Players Forward
Forward Time % Phy DF OF
1 Kyle Brodziak 60 1 2 2
2 Brian Flynn 40 1 2 2
Penalty Kill - 3 Players Defense
Defense Defense Time % Phy DF OF
1 Karel Pilar Kris Russell 60 1 2 2
2 Brett Lebda Kevin Marshall 40 1 2 2
4 vs 4 Forward
Center Wing Time % Phy DF OF
1 Kyle Brodziak Spencer Machacek 60 1 2 2
2 Mathieu Perreault Pierre-Luc Létourneau 40 1 2 2
4 vs 4 Defense
Defense Defense Time % Phy DF OF
1 Karel Pilar Kris Russell 60 1 2 2
2 Brett Lebda Kevin Marshall 40 1 2 2
Last Minutes Offensive
Center Left Wing Right Wing Defense Defense
Kyle Brodziak Tim Kennedy Spencer Machacek Karel Pilar Brett Lebda
Last Minutes Defensive
Center Left Wing Right Wing Defense Defense
Kyle Brodziak Tim Kennedy Spencer Machacek Karel Pilar Brett Lebda
Goaltenders
Starting : Al Montoya
Backup : Harru Sateri
Extra Forwards
Normal : Mathieu Perreault, Justin Florek, Kyle Brodziak - PP : Tim Kennedy, Rhett Rakhshani - PK : Mathieu Perreault
Extra Defensemen
Normal : Dalton Prout, Brandon Burlon, Kevin Marshall - PP : Brandon Burlon - PK : Brandon Burlon, Dalton Prout
Penalty Shots
Kyle Brodziak, Brian Flynn, Spencer Machacek, Pierre-Luc Létourneau, Tim Kennedy
Gangsters
5 vs 5 Forward
Center Left Wing Right Wing Time % Phy DF OF
1 Alexandre Bolduc Gustav Nyquist Richard Panik 40 1 2 2
2 Ryan Johansen Mikko Lehtonen Ryan Jones 30 1 2 2
3 Artem Anisimov Luke Gazdic Devante Smith-Pelly 20 1 2 2
4 Maxime Sauvé Curtis McKenzie Dave Dziurzynski 10 1 2 2
5 vs 5 Defense
Defense Defense Time % Phy DF OF
1 Colten Teubert Shaun Heska 40 1 2 2
2 Matt Delahey Patrik Nemeth 30 1 2 2
3 Michael Sdao Morgan Ellis 20 1 2 2
4 Colten Teubert Shaun Heska 10 1 2 2
PowerPlay Forward
Center Left Wing Right Wing Time % Phy DF OF
1 Alexandre Bolduc Artem Anisimov Gustav Nyquist 60 1 2 2
2 Ryan Johansen Richard Panik Ryan Jones 40 1 2 2
PowerPlay Defense
Defense Defense Time % Phy DF OF
1 Colten Teubert Shaun Heska 60 1 2 2
2 Matt Delahey Michael Sdao 40 1 2 2
Penalty Kill 4 Players Forward
Center Wing Time % Phy DF OF
1 Alexandre Bolduc Gustav Nyquist 60 1 2 2
2 Ryan Jones Ryan Johansen 40 1 2 2
Penalty Kill 4 Players Defense
Defense Defense Time % Phy DF OF
1 Shaun Heska Colten Teubert 60 1 2 2
2 Michael Sdao Matt Delahey 40 1 2 2
Penalty Kill - 3 Players Forward
Forward Time % Phy DF OF
1 Gustav Nyquist 60 1 2 2
2 Alexandre Bolduc 40 1 2 2
Penalty Kill - 3 Players Defense
Defense Defense Time % Phy DF OF
1 Shaun Heska Colten Teubert 60 1 2 2
2 Morgan Ellis Patrik Nemeth 40 1 2 2
4 vs 4 Forward
Center Wing Time % Phy DF OF
1 Ryan Jones Alexandre Bolduc 60 1 2 2
2 Gustav Nyquist Artem Anisimov 40 1 2 2
4 vs 4 Defense
Defense Defense Time % Phy DF OF
1 Colten Teubert Shaun Heska 60 1 2 2
2 Patrik Nemeth Morgan Ellis 40 1 2 2
Last Minutes Offensive
Center Left Wing Right Wing Defense Defense
Alexandre Bolduc Ryan Jones Gustav Nyquist Colten Teubert Shaun Heska
Last Minutes Defensive
Center Left Wing Right Wing Defense Defense
Alexandre Bolduc Ryan Jones Gustav Nyquist Colten Teubert Shaun Heska
Goaltenders
Starting : Dustin Tokarski
Backup : Brad Thiessen
Extra Forwards
Normal : Richard Panik, Alexandre Bolduc, Ryan Jones - PP : Gustav Nyquist, Ryan Johansen - PK : Ryan Jones
Extra Defensemen
Normal : Shaun Heska, Colten Teubert, Matt Delahey - PP : Shaun Heska - PK : Patrik Nemeth, Colten Teubert
Penalty Shots
Richard Panik, Alexandre Bolduc, Ryan Jones, Gustav Nyquist, Ryan Johansen
% Time on Ice - Saguenéens
Lines # - Real PCT - Wanted PCT - Time Play
Normal Forward
1 - 37% - 40% - 18:25
2 - 31% - 30% - 15:13
3 - 19% - 20% - 9:09
4 - 13% - 10% - 6:37
Normal Defense
1 - 37% - 35% - 18:17
2 - 34% - 32% - 16:35
3 - 24% - 23% - 11:41
4 - 6% - 10% - 2:51
PP Forward
1 - 43% - 60% - 1:09
2 - 57% - 40% - 1:31
PP Defense
1 - 26% - 60% - 0:42
2 - 74% - 40% - 1:58
PK Forward
1 - 76% - 60% - 4:35
2 - 24% - 40% - 1:27
PK Defense
1 - 55% - 60% - 3:18
2 - 45% - 40% - 2:44
PK3 Forward
1 - 0% - 60%
2 - 0% - 40%
PK3 Defense
1 - 0% - 60%
2 - 0% - 40%
44 Forward
1 - 77% - 60% - 5:20
2 - 23% - 40% - 1:34
44 Defense
1 - 57% - 60% - 3:55
2 - 43% - 40% - 2:59
Last Minute Offensive - 0:00
Last Minute Defensive - 0:00
Total
Forward - 65:00
Defense - 65:00
|
% Time on Ice - Gangsters
Lines # - Real PCT - Wanted PCT - Time Play
Normal Forward
1 - 38% - 40% - 18:44
2 - 28% - 30% - 14:04
3 - 21% - 20% - 10:20
4 - 13% - 10% - 6:16
Normal Defense
1 - 45% - 40% - 21:59
2 - 30% - 30% - 14:52
3 - 18% - 20% - 8:53
4 - 7% - 10% - 3:40
PP Forward
1 - 49% - 60% - 2:59
2 - 51% - 40% - 3:03
PP Defense
1 - 41% - 60% - 2:30
2 - 59% - 40% - 3:32
PK Forward
1 - 96% - 60% - 2:34
2 - 4% - 40% - 0:06
PK Defense
1 - 97% - 60% - 2:35
2 - 3% - 40% - 0:05
PK3 Forward
1 - 0% - 60%
2 - 0% - 40%
PK3 Defense
1 - 0% - 60%
2 - 0% - 40%
44 Forward
1 - 70% - 60% - 4:48
2 - 30% - 40% - 2:06
44 Defense
1 - 63% - 60% - 4:21
2 - 37% - 40% - 2:33
Last Minute Offensive - 0:00
Last Minute Defensive - 0:00
Total
Forward - 65:00
Defense - 65:00
|
Play by Play
1st period
0:01 of 1st period - Kyle Brodziak wins face-off versus Alexandre Bolduc in neutral zone.
0:14 of 1st period - Snap shot by Spencer Machacek.
0:14 of 1st period - Stopped by Dustin Tokarski without a rebound.
0:15 of 1st period - Ryan Johansen wins face-off versus Brian Flynn in Gangsters zone.
0:42 of 1st period - Snap shot by Dave Dziurzynski.
0:42 of 1st period - Stopped by Al Montoya with a rebound.
0:46 of 1st period - Slapshot by Maxime Sauvé.
0:46 of 1st period - Shot Misses the Net.
0:48 of 1st period - Snap shot by Morgan Ellis.
0:48 of 1st period - Stopped by Al Montoya without a rebound.
0:49 of 1st period - Artem Anisimov wins face-off versus Mathieu Perreault in Saguenéens zone.
0:56 of 1st period - Slapshot by Devante Smith-Pelly.
0:56 of 1st period - Shot Blocked by Dalton Prout.
1:01 of 1st period - Off-side.
1:02 of 1st period - Kyle Brodziak wins face-off versus Alexandre Bolduc in neutral zone.
1:29 of 1st period - Karel Pilar is hit by Colten Teubert.
2:15 of 1st period - Snap shot by Tim Kennedy.
2:15 of 1st period - Shot Misses the Net.
2:23 of 1st period - Kris Russell is hit by Dave Dziurzynski and loses puck.
2:34 of 1st period - Matt Delahey is hit by Kyle Brodziak and loses puck.
3:04 of 1st period - Slapshot by Brett Lebda.
3:04 of 1st period - Shot Blocked by Matt Delahey.
3:57 of 1st period - Colten Teubert is hit by Brian Flynn and loses puck.
4:12 of 1st period - Snap shot by Artem Anisimov.
4:12 of 1st period - Stopped by Al Montoya without a rebound.
4:13 of 1st period - Alexandre Bolduc wins face-off versus Kyle Brodziak in Saguenéens zone.
4:18 of 1st period - Snap shot by Gustav Nyquist.
4:18 of 1st period - Deflect By Richard Panik.
4:18 of 1st period - Stopped by Al Montoya with a rebound.
4:20 of 1st period - Wrist shot by Patrik Nemeth.
4:20 of 1st period - Deflect By Alexandre Bolduc.
4:20 of 1st period - Stopped by Al Montoya with a rebound.
4:22 of 1st period - Snap shot by Richard Panik.
4:22 of 1st period - Goal by Richard Panik - Saguenéens : 0 - Gangsters : 1.
4:23 of 1st period - Kyle Brodziak wins face-off versus Alexandre Bolduc in neutral zone.
4:55 of 1st period - Snap shot by Mathieu Perreault.
4:55 of 1st period - Stopped by Dustin Tokarski with a rebound.
5:08 of 1st period - Wrist shot by Brian Flynn.
5:08 of 1st period - Shot Misses the Net.
5:10 of 1st period - Wrist shot by Brandon Burlon.
5:10 of 1st period - Stopped by Dustin Tokarski with a rebound.
5:13 of 1st period - Icing by Colten Teubert.
5:14 of 1st period - Maxime Sauvé wins face-off versus Kyle Brodziak in Gangsters zone.
5:52 of 1st period - Minor Penalty to Brian Flynn for Roughing.
5:53 of 1st period - Kyle Brodziak wins face-off versus Alexandre Bolduc in Saguenéens zone.
7:52 of 1st period - Penalty to Brian Flynn is over, Brian Flynn is back on ice.
8:03 of 1st period - Juraj Mikus is hit by Colten Teubert.
8:34 of 1st period - Dalton Prout is hit by Mikko Lehtonen and loses puck.
9:11 of 1st period - Alexandre Bolduc is hit by Brett Lebda and loses puck.
9:34 of 1st period - Tim Kennedy is hit by Maxime Sauvé.
10:06 of 1st period - Patrik Nemeth is hit by Dalton Prout and loses puck.
10:18 of 1st period - Off-side.
10:19 of 1st period - Maxime Sauvé wins face-off versus Juraj Mikus in neutral zone.
10:48 of 1st period - Backhand shot by Gustav Nyquist.
10:48 of 1st period - Shot Misses the Net.
10:50 of 1st period - Snap shot by Richard Panik.
10:50 of 1st period - Shot Misses the Net.
11:23 of 1st period - Artem Anisimov is hit by Dalton Prout and loses puck.
11:46 of 1st period - Slapshot by Brett Lebda.
11:46 of 1st period - Stopped by Dustin Tokarski without a rebound.
11:47 of 1st period - Alexandre Bolduc wins face-off versus Brian Flynn in Gangsters zone.
12:00 of 1st period - Wrist shot by Gustav Nyquist.
12:00 of 1st period - Deflect By Richard Panik.
12:00 of 1st period - Goal by Richard Panik - Saguenéens : 0 - Gangsters : 2.
12:01 of 1st period - Alexandre Bolduc wins face-off versus Kyle Brodziak in neutral zone.
12:26 of 1st period - Shaun Heska is hit by Kris Russell and loses puck.
12:51 of 1st period - Icing by Brett Lebda.
12:52 of 1st period - Mathieu Perreault wins face-off versus Alexandre Bolduc in Saguenéens zone.
13:09 of 1st period - Wrist shot by Mathieu Perreault.
13:09 of 1st period - Shot Blocked by Richard Panik.
13:17 of 1st period - Slapshot by Brett Lebda.
13:17 of 1st period - Shot Blocked by Alexandre Bolduc.
13:33 of 1st period - Slapshot by Mathieu Perreault.
13:33 of 1st period - Stopped by Dustin Tokarski without a rebound.
13:34 of 1st period - Kyle Brodziak wins face-off versus Ryan Johansen in Gangsters zone.
13:37 of 1st period - Slapshot by Karel Pilar.
13:37 of 1st period - Shot Blocked by Ryan Johansen.
14:48 of 1st period - Colten Teubert is hit by Kyle Brodziak and loses puck.
15:06 of 1st period - Off-side.
15:07 of 1st period - Artem Anisimov wins face-off versus Tyler Pitlick in neutral zone.
15:18 of 1st period - Wrist shot by Tim Kennedy.
15:18 of 1st period - Deflect By Brian Flynn.
15:18 of 1st period - Shot Blocked by Patrik Nemeth.
15:18 of 1st period - Puck is out of play.
15:19 of 1st period - Pierre-Luc Létourneau wins face-off versus Alexandre Bolduc in Gangsters zone.
15:28 of 1st period - Slapshot by Alexandre Bolduc.
15:28 of 1st period - Shot Misses the Net.
15:40 of 1st period - Minor Penalty to Spencer Machacek for Tripping.
15:41 of 1st period - Alexandre Bolduc wins face-off versus Kyle Brodziak in Saguenéens zone.
15:56 of 1st period - Wrist shot by Kyle Brodziak.
15:56 of 1st period - Shot Blocked by Gustav Nyquist.
16:06 of 1st period - Karel Pilar is hit by Ryan Johansen and loses puck.
17:32 of 1st period - Matt Delahey is hit by Kevin Marshall and loses puck.
17:40 of 1st period - Penalty to Spencer Machacek is over, Spencer Machacek is back on ice.
17:49 of 1st period - Slapshot by Dave Dziurzynski.
17:49 of 1st period - Shot Misses the Net.
17:59 of 1st period - Patrik Nemeth is hit by Kevin Marshall and loses puck.
18:06 of 1st period - Snap shot by Spencer Machacek.
18:06 of 1st period - Stopped by Dustin Tokarski without a rebound.
18:07 of 1st period - Brian Flynn wins face-off versus Artem Anisimov in Gangsters zone.
18:20 of 1st period - Snap shot by Tim Kennedy.
18:20 of 1st period - Deflect By Brian Flynn.
18:20 of 1st period - Stopped by Dustin Tokarski with a rebound.
19:08 of 1st period - Ryan Jones is hit by Justin Florek and loses puck.
Goals for this period are 0 for Saguenéens vs 2 for Gangsters.
Shots for this period are 7 for Saguenéens vs 7 for Gangsters.
2nd period
0:01 of 2nd period - Kyle Brodziak wins face-off versus Alexandre Bolduc in neutral zone.
0:04 of 2nd period - Colten Teubert is hit by Karel Pilar and loses puck.
0:46 of 2nd period - Snap shot by Juraj Mikus.
0:46 of 2nd period - Shot Blocked by Shaun Heska.
0:51 of 2nd period - Minor Penalty to Justin Florek for Slashing.
0:52 of 2nd period - Artem Anisimov wins face-off versus Kyle Brodziak in Saguenéens zone.
0:52 of 2nd period - Snap shot by Alexandre Bolduc.
0:52 of 2nd period - Shot Blocked by Kyle Brodziak.
1:22 of 2nd period - Karel Pilar is hit by Ryan Johansen and loses puck.
1:53 of 2nd period - Colten Teubert is hit by Brett Lebda and loses puck.
2:06 of 2nd period - Artem Anisimov is hit by Pierre-Luc Létourneau.
2:23 of 2nd period - Icing by Richard Panik.
2:24 of 2nd period - Mathieu Perreault wins face-off versus Ryan Johansen in Gangsters zone.
2:51 of 2nd period - Penalty to Justin Florek is over, Justin Florek is back on ice.
3:03 of 2nd period - Snap shot by Dave Dziurzynski.
3:03 of 2nd period - Deflect By Kyle Brodziak.
3:03 of 2nd period - Shot Misses the Net.
3:03 of 2nd period - Puck is out of play.
3:04 of 2nd period - Maxime Sauvé wins face-off versus Brian Flynn in Saguenéens zone.
3:15 of 2nd period - Snap shot by Brian Flynn.
3:15 of 2nd period - Goal by Brian Flynn - Saguenéens : 1 - Gangsters : 2.
3:16 of 2nd period - Kyle Brodziak wins face-off versus Alexandre Bolduc in neutral zone.
3:26 of 2nd period - Slapshot by Gustav Nyquist.
3:26 of 2nd period - Shot Blocked by Karel Pilar.
3:28 of 2nd period - Wrist shot by Gustav Nyquist.
3:28 of 2nd period - Shot Blocked by Kyle Brodziak.
3:30 of 2nd period - Wrist shot by Alexandre Bolduc.
3:30 of 2nd period - Shot Blocked by Spencer Machacek.
3:54 of 2nd period - Ryan Johansen is hit by Karel Pilar and loses puck.
4:07 of 2nd period - Snap shot by Rhett Rakhshani.
4:07 of 2nd period - Deflect By Tyler McNeely.
4:07 of 2nd period - Shot Blocked by Shaun Heska.
4:07 of 2nd period - Puck is out of play.
4:08 of 2nd period - Mathieu Perreault wins face-off versus Artem Anisimov in Gangsters zone.
4:13 of 2nd period - Snap shot by Mathieu Perreault.
4:13 of 2nd period - Stopped by Dustin Tokarski without a rebound.
4:14 of 2nd period - Kyle Brodziak wins face-off versus Alexandre Bolduc in Gangsters zone.
4:23 of 2nd period - Wrist shot by Gustav Nyquist.
4:23 of 2nd period - Goal by Gustav Nyquist - Saguenéens : 1 - Gangsters : 3.
4:24 of 2nd period - Kyle Brodziak wins face-off versus Alexandre Bolduc in neutral zone.
4:37 of 2nd period - Slapshot by Gustav Nyquist.
4:37 of 2nd period - Stopped by Al Montoya without a rebound.
4:38 of 2nd period - Alexandre Bolduc wins face-off versus Kyle Brodziak in Saguenéens zone.
4:41 of 2nd period - Snap shot by Alexandre Bolduc.
4:41 of 2nd period - Stopped by Al Montoya without a rebound.
4:42 of 2nd period - Alexandre Bolduc wins face-off versus Kyle Brodziak in Saguenéens zone.
4:47 of 2nd period - Slapshot by Gustav Nyquist.
4:47 of 2nd period - Shot Misses the Net.
4:49 of 2nd period - Snap shot by Alexandre Bolduc.
4:49 of 2nd period - Stopped by Al Montoya with a rebound.
5:07 of 2nd period - Wrist shot by Karel Pilar.
5:07 of 2nd period - Shot Misses the Net.
5:17 of 2nd period - Wrist shot by Ryan Jones.
5:17 of 2nd period - Stopped by Al Montoya with a rebound.
5:29 of 2nd period - Wrist shot by Tyler McNeely.
5:29 of 2nd period - Shot Misses the Net.
5:31 of 2nd period - Slapshot by Karel Pilar.
5:31 of 2nd period - Deflect By Mathieu Perreault.
5:31 of 2nd period - Shot Blocked by Colten Teubert.
5:31 of 2nd period - Puck is out of play.
5:32 of 2nd period - Alexandre Bolduc wins face-off versus Mathieu Perreault in Gangsters zone.
5:32 of 2nd period - Alexandre Bolduc is hit by Rhett Rakhshani.
6:02 of 2nd period - Slapshot by Brett Lebda.
6:02 of 2nd period - Stopped by Dustin Tokarski without a rebound.
6:03 of 2nd period - Spencer Machacek wins face-off versus Ryan Johansen in Gangsters zone.
6:10 of 2nd period - Wrist shot by Spencer Machacek.
6:10 of 2nd period - Stopped by Dustin Tokarski without a rebound.
6:11 of 2nd period - Kyle Brodziak wins face-off versus Ryan Johansen in Gangsters zone.
6:42 of 2nd period - Snap shot by Tim Kennedy.
6:42 of 2nd period - Stopped by Dustin Tokarski with a rebound.
6:44 of 2nd period - Slapshot by Dalton Prout.
6:44 of 2nd period - Stopped by Dustin Tokarski with a rebound.
6:46 of 2nd period - Snap shot by Brian Flynn.
6:46 of 2nd period - Stopped by Dustin Tokarski with a rebound.
7:21 of 2nd period - Snap shot by Juraj Mikus.
7:21 of 2nd period - Shot Misses the Net.
7:23 of 2nd period - Snap shot by Juraj Mikus.
7:23 of 2nd period - Goal by Juraj Mikus - Saguenéens : 2 - Gangsters : 3.
7:24 of 2nd period - Alexandre Bolduc wins face-off versus Pierre-Luc Létourneau in neutral zone.
7:27 of 2nd period - Wrist shot by Gustav Nyquist.
7:27 of 2nd period - Shot Misses the Net.
8:11 of 2nd period - Slapshot by Devante Smith-Pelly.
8:11 of 2nd period - Stopped by Al Montoya without a rebound.
8:12 of 2nd period - Artem Anisimov wins face-off versus Mathieu Perreault in Saguenéens zone.
8:13 of 2nd period - Snap shot by Devante Smith-Pelly.
8:13 of 2nd period - Stopped by Al Montoya with a rebound.
8:15 of 2nd period - Snap shot by Artem Anisimov.
8:15 of 2nd period - Stopped by Al Montoya without a rebound.
8:16 of 2nd period - Alexandre Bolduc wins face-off versus Kyle Brodziak in Saguenéens zone.
8:51 of 2nd period - Wrist shot by Tim Kennedy.
8:51 of 2nd period - Stopped by Dustin Tokarski without a rebound.
8:52 of 2nd period - Kyle Brodziak wins face-off versus Ryan Johansen in Gangsters zone.
9:07 of 2nd period - Wrist shot by Ryan Jones.
9:07 of 2nd period - Shot Misses the Net.
9:17 of 2nd period - Wrist shot by Artem Anisimov.
9:17 of 2nd period - Stopped by Al Montoya with a rebound.
9:19 of 2nd period - Backhand shot by Devante Smith-Pelly.
9:19 of 2nd period - Shot Misses the Net.
9:25 of 2nd period - Slapshot by Devante Smith-Pelly.
9:25 of 2nd period - Shot Misses the Net.
9:29 of 2nd period - Snap shot by Artem Anisimov.
9:29 of 2nd period - Goal by Artem Anisimov - Saguenéens : 2 - Gangsters : 4.
9:29 of 2nd period - Harru Sateri enters game.
9:30 of 2nd period - Gustav Nyquist wins face-off versus Brian Flynn in neutral zone.
10:27 of 2nd period - Slapshot by Maxime Sauvé.
10:27 of 2nd period - Shot Misses the Net.
10:29 of 2nd period - Slapshot by Matt Delahey.
10:29 of 2nd period - Stopped by Harru Sateri without a rebound.
10:30 of 2nd period - Alexandre Bolduc wins face-off versus Brian Flynn in Saguenéens zone.
10:31 of 2nd period - Snap shot by Gustav Nyquist.
10:31 of 2nd period - Stopped by Harru Sateri with a rebound.
10:40 of 2nd period - Slapshot by Brian Flynn.
10:40 of 2nd period - Stopped by Dustin Tokarski with a rebound.
10:44 of 2nd period - Slapshot by Karel Pilar.
10:44 of 2nd period - Shot Misses the Net.
11:18 of 2nd period - Snap shot by Juraj Mikus.
11:18 of 2nd period - Shot Blocked by Michael Sdao.
11:20 of 2nd period - Slapshot by Brett Lebda.
11:20 of 2nd period - Shot Misses the Net.
11:22 of 2nd period - Wrist shot by Juraj Mikus.
11:22 of 2nd period - Goal by Juraj Mikus - Saguenéens : 3 - Gangsters : 4.
11:23 of 2nd period - Kyle Brodziak wins face-off versus Alexandre Bolduc in neutral zone.
11:25 of 2nd period - Off-side.
11:26 of 2nd period - Alexandre Bolduc wins face-off versus Kyle Brodziak in neutral zone.
11:40 of 2nd period - Snap shot by Spencer Machacek.
11:40 of 2nd period - Shot Misses the Net.
11:42 of 2nd period - Wrist shot by Kyle Brodziak.
11:42 of 2nd period - Stopped by Dustin Tokarski without a rebound.
11:43 of 2nd period - Brian Flynn wins face-off versus Ryan Johansen in Gangsters zone.
11:54 of 2nd period - Wrist shot by Brian Flynn.
11:54 of 2nd period - Stopped by Dustin Tokarski without a rebound.
11:55 of 2nd period - Alexandre Bolduc wins face-off versus Kyle Brodziak in Gangsters zone.
12:25 of 2nd period - Slapshot by Shaun Heska.
12:25 of 2nd period - Shot Misses the Net.
12:50 of 2nd period - Icing by Kris Russell.
12:51 of 2nd period - Gustav Nyquist wins face-off versus Mathieu Perreault in Saguenéens zone.
14:13 of 2nd period - Morgan Ellis is hit by Juraj Mikus and loses puck.
15:30 of 2nd period - Mikko Lehtonen is hit by Pierre-Luc Létourneau and loses puck.
15:56 of 2nd period - Slapshot by Gustav Nyquist.
15:56 of 2nd period - Stopped by Harru Sateri with a rebound.
16:19 of 2nd period - Snap shot by Juraj Mikus.
16:19 of 2nd period - Stopped by Dustin Tokarski with a rebound.
16:21 of 2nd period - Backhand shot by Jerry D'Amigo.
16:21 of 2nd period - Shot Misses the Net.
16:23 of 2nd period - Wrist shot by Juraj Mikus.
16:23 of 2nd period - Stopped by Dustin Tokarski without a rebound.
16:24 of 2nd period - Alexandre Bolduc wins face-off versus Jerry D'Amigo in Gangsters zone.
16:24 of 2nd period - Alexandre Bolduc is hit by Dalton Prout.
16:52 of 2nd period - Snap shot by Brian Flynn.
16:52 of 2nd period - Shot Misses the Net.
16:54 of 2nd period - Snap shot by Tyler Pitlick.
16:54 of 2nd period - Shot Blocked by Colten Teubert.
16:56 of 2nd period - Slapshot by Brandon Burlon.
16:56 of 2nd period - Stopped by Dustin Tokarski without a rebound.
16:57 of 2nd period - Kyle Brodziak wins face-off versus Ryan Jones in Gangsters zone.
17:26 of 2nd period - Snap shot by Kyle Brodziak.
17:26 of 2nd period - Shot Misses the Net.
18:11 of 2nd period - Wrist shot by Gustav Nyquist.
18:11 of 2nd period - Stopped by Harru Sateri with a rebound.
18:13 of 2nd period - Wrist shot by Alexandre Bolduc.
18:13 of 2nd period - Stopped by Harru Sateri without a rebound.
18:14 of 2nd period - Ryan Jones wins face-off versus Mathieu Perreault in Saguenéens zone.
18:15 of 2nd period - Slapshot by Mikko Lehtonen.
18:15 of 2nd period - Stopped by Harru Sateri without a rebound.
18:16 of 2nd period - Mathieu Perreault wins face-off versus Ryan Johansen in Saguenéens zone.
19:08 of 2nd period - Slapshot by Karel Pilar.
19:08 of 2nd period - Shot Misses the Net.
19:10 of 2nd period - Slapshot by Brett Lebda.
19:10 of 2nd period - Shot Blocked by Shaun Heska.
19:12 of 2nd period - Slapshot by Brett Lebda.
19:12 of 2nd period - Goal by Brett Lebda - Saguenéens : 4 - Gangsters : 4.
19:13 of 2nd period - Alexandre Bolduc wins face-off versus Kyle Brodziak in neutral zone.
19:20 of 2nd period - Snap shot by Alexandre Bolduc.
19:20 of 2nd period - Shot Blocked by Brett Lebda.
19:22 of 2nd period - Slapshot by Matt Delahey.
19:22 of 2nd period - Stopped by Harru Sateri with a rebound.
19:24 of 2nd period - Wrist shot by Richard Panik.
19:24 of 2nd period - Shot Misses the Net.
19:26 of 2nd period - Slapshot by Matt Delahey.
19:26 of 2nd period - Stopped by Harru Sateri without a rebound.
19:27 of 2nd period - Ryan Johansen wins face-off versus Brian Flynn in Saguenéens zone.
19:56 of 2nd period - Wrist shot by Rhett Rakhshani.
19:56 of 2nd period - Stopped by Dustin Tokarski with a rebound.
Goals for this period are 4 for Saguenéens vs 2 for Gangsters.
Shots for this period are 18 for Saguenéens vs 18 for Gangsters.
3rd period
0:01 of 3rd period - Kyle Brodziak wins face-off versus Alexandre Bolduc in neutral zone.
0:04 of 3rd period - Slapshot by Brett Lebda.
0:04 of 3rd period - Shot Misses the Net.
0:09 of 3rd period - Off-side.
0:10 of 3rd period - Kyle Brodziak wins face-off versus Alexandre Bolduc in neutral zone.
0:13 of 3rd period - Colten Teubert is hit by Kyle Brodziak and loses puck.
0:23 of 3rd period - Off-side.
0:24 of 3rd period - Ryan Johansen wins face-off versus Brian Flynn in neutral zone.
0:59 of 3rd period - Snap shot by Luke Gazdic.
0:59 of 3rd period - Stopped by Harru Sateri with a rebound.
1:01 of 3rd period - Snap shot by Luke Gazdic.
1:01 of 3rd period - Shot Blocked by Kris Russell.
1:03 of 3rd period - Slapshot by Matt Delahey.
1:03 of 3rd period - Deflect By Devante Smith-Pelly.
1:03 of 3rd period - Shot Blocked by Brian Flynn.
1:03 of 3rd period - Puck is out of play.
1:04 of 3rd period - Alexandre Bolduc wins face-off versus Kyle Brodziak in Saguenéens zone.
1:15 of 3rd period - Snap shot by Gustav Nyquist.
1:15 of 3rd period - Stopped by Harru Sateri without a rebound.
1:16 of 3rd period - Alexandre Bolduc wins face-off versus Kyle Brodziak in Saguenéens zone.
2:02 of 3rd period - Shaun Heska is hit by Juraj Mikus and loses puck.
2:13 of 3rd period - Slapshot by Devante Smith-Pelly.
2:13 of 3rd period - Stopped by Harru Sateri without a rebound.
2:14 of 3rd period - Alexandre Bolduc wins face-off versus Kyle Brodziak in Saguenéens zone.
2:17 of 3rd period - Slapshot by Gustav Nyquist.
2:17 of 3rd period - Shot Misses the Net.
2:19 of 3rd period - Snap shot by Patrik Nemeth.
2:19 of 3rd period - Shot Misses the Net.
2:21 of 3rd period - Snap shot by Alexandre Bolduc.
2:21 of 3rd period - Deflect By Gustav Nyquist.
2:21 of 3rd period - Goal by Gustav Nyquist - Saguenéens : 4 - Gangsters : 5.
2:22 of 3rd period - Kyle Brodziak wins face-off versus Alexandre Bolduc in neutral zone.
2:53 of 3rd period - Off-side.
2:54 of 3rd period - Ryan Johansen wins face-off versus Brian Flynn in neutral zone.
3:20 of 3rd period - Shaun Heska is hit by Kevin Marshall and loses puck.
3:21 of 3rd period - Shaun Heska from Gangsters is injured at 3:21 of 3rd period (Left Hip).
3:22 of 3rd period - Alexandre Bolduc wins face-off versus Kyle Brodziak in Gangsters zone.
3:33 of 3rd period - Wrist shot by Alexandre Bolduc.
3:33 of 3rd period - Shot Blocked by Brett Lebda.
3:35 of 3rd period - Wrist shot by Alexandre Bolduc.
3:35 of 3rd period - Goal by Alexandre Bolduc - Saguenéens : 4 - Gangsters : 6.
3:36 of 3rd period - Kyle Brodziak wins face-off versus Richard Panik in neutral zone.
4:20 of 3rd period - Mathieu Perreault is hit by Michael Sdao and loses puck.
5:00 of 3rd period - Mikko Lehtonen is hit by Karel Pilar and loses puck.
5:15 of 3rd period - Brett Lebda is hit by Gustav Nyquist and loses puck.
6:03 of 3rd period - Wrist shot by Kyle Brodziak.
6:03 of 3rd period - Shot Blocked by Devante Smith-Pelly.
6:32 of 3rd period - Minor Penalty to Matt Delahey for Roughing.
6:33 of 3rd period - Alexandre Bolduc wins face-off versus Kyle Brodziak in Gangsters zone.
7:18 of 3rd period - Icing by Mathieu Perreault.
7:19 of 3rd period - Ryan Jones wins face-off versus Brian Flynn in Saguenéens zone.
7:20 of 3rd period - Snap shot by Gustav Nyquist.
7:20 of 3rd period - Shot Misses the Net.
8:06 of 3rd period - Tyler Pitlick is hit by Curtis McKenzie and loses puck.
8:31 of 3rd period - Gustav Nyquist is hit by Pierre-Luc Létourneau and loses puck.
8:32 of 3rd period - Penalty to Matt Delahey is over, Matt Delahey is back on ice.
8:56 of 3rd period - Wrist shot by Devante Smith-Pelly.
8:56 of 3rd period - Shot Misses the Net.
8:58 of 3rd period - Snap shot by Luke Gazdic.
8:58 of 3rd period - Shot Misses the Net.
9:00 of 3rd period - Slapshot by Michael Sdao.
9:00 of 3rd period - Deflect By Devante Smith-Pelly.
9:00 of 3rd period - Shot Misses the Net.
9:00 of 3rd period - Puck is out of play.
9:01 of 3rd period - Ryan Johansen wins face-off versus Kyle Brodziak in Saguenéens zone.
9:04 of 3rd period - Snap shot by Mikko Lehtonen.
9:04 of 3rd period - Shot Misses the Net.
9:48 of 3rd period - Minor Penalty to Devante Smith-Pelly for Interference.
9:49 of 3rd period - Kyle Brodziak wins face-off versus Alexandre Bolduc in Gangsters zone.
10:18 of 3rd period - Slapshot by Brett Lebda.
10:18 of 3rd period - Shot Blocked by Patrik Nemeth.
10:20 of 3rd period - Wrist shot by Mathieu Perreault.
10:20 of 3rd period - Shot Misses the Net.
10:22 of 3rd period - Snap shot by Brian Flynn.
10:22 of 3rd period - Shot Misses the Net.
10:24 of 3rd period - Snap shot by Mathieu Perreault.
10:24 of 3rd period - Goal by Mathieu Perreault - Saguenéens : 5 - Gangsters : 6.
10:25 of 3rd period - Ryan Johansen wins face-off versus Kyle Brodziak in neutral zone.
10:32 of 3rd period - Wrist shot by Ryan Johansen.
10:32 of 3rd period - Stopped by Harru Sateri with a rebound.
11:53 of 3rd period - Snap shot by Juraj Mikus.
11:53 of 3rd period - Shot Misses the Net.
11:57 of 3rd period - Snap shot by Jerry D'Amigo.
11:57 of 3rd period - Goal by Jerry D'Amigo - Saguenéens : 6 - Gangsters : 6.
11:58 of 3rd period - Kyle Brodziak wins face-off versus Ryan Johansen in neutral zone.
12:00 of 3rd period - Off-side.
12:01 of 3rd period - Ryan Johansen wins face-off versus Kyle Brodziak in neutral zone.
12:08 of 3rd period - Snap shot by Ryan Johansen.
12:08 of 3rd period - Shot Misses the Net.
12:16 of 3rd period - Wrist shot by Ryan Jones.
12:16 of 3rd period - Stopped by Harru Sateri with a rebound.
12:26 of 3rd period - Wrist shot by Brett Lebda.
12:26 of 3rd period - Shot Misses the Net.
12:32 of 3rd period - Wrist shot by Tyler Pitlick.
12:32 of 3rd period - Shot Hit the Post.
12:34 of 3rd period - Wrist shot by Tyler Pitlick.
12:34 of 3rd period - Stopped by Dustin Tokarski without a rebound.
12:35 of 3rd period - Mathieu Perreault wins face-off versus Alexandre Bolduc in Gangsters zone.
13:02 of 3rd period - Ryan Johansen is hit by Kyle Brodziak and loses puck.
13:10 of 3rd period - Minor Penalty to Kyle Brodziak for Holding.
13:11 of 3rd period - Mathieu Perreault wins face-off versus Alexandre Bolduc in Saguenéens zone.
13:15 of 3rd period - Minor Penalty to Michael Sdao for Cross-checking.
13:16 of 3rd period - Mathieu Perreault wins face-off versus Ryan Jones in Gangsters zone.
13:46 of 3rd period - Icing by Spencer Machacek.
13:47 of 3rd period - Justin Florek wins face-off versus Ryan Jones in Saguenéens zone.
13:54 of 3rd period - Ryan Jones is hit by Karel Pilar and loses puck.
14:13 of 3rd period - Justin Florek is hit by Gustav Nyquist.
15:10 of 3rd period - Penalty to Kyle Brodziak is over, Kyle Brodziak is back on ice.
15:15 of 3rd period - Penalty to Michael Sdao is over, Michael Sdao is back on ice.
15:21 of 3rd period - Alexandre Bolduc is hit by Brian Flynn and loses puck.
15:28 of 3rd period - Brett Lebda is hit by Gustav Nyquist and loses puck.
16:53 of 3rd period - Colten Teubert is hit by Tyler Pitlick and loses puck.
16:58 of 3rd period - Slapshot by Mathieu Perreault.
16:58 of 3rd period - Shot Misses the Net.
17:00 of 3rd period - Slapshot by Karel Pilar.
17:00 of 3rd period - Deflect By Mathieu Perreault.
17:00 of 3rd period - Shot Misses the Net.
17:00 of 3rd period - Puck is out of play.
17:01 of 3rd period - Kyle Brodziak wins face-off versus Devante Smith-Pelly in Gangsters zone.
17:04 of 3rd period - Snap shot by Pierre-Luc Létourneau.
17:04 of 3rd period - Stopped by Dustin Tokarski without a rebound.
17:05 of 3rd period - Luke Gazdic wins face-off versus Kyle Brodziak in Gangsters zone.
17:35 of 3rd period - Snap shot by Maxime Sauvé.
17:35 of 3rd period - Stopped by Harru Sateri with a rebound.
17:37 of 3rd period - Snap shot by Maxime Sauvé.
17:37 of 3rd period - Stopped by Harru Sateri with a rebound.
17:39 of 3rd period - Snap shot by Curtis McKenzie.
17:39 of 3rd period - Shot Blocked by Kris Russell.
17:41 of 3rd period - Snap shot by Maxime Sauvé.
17:41 of 3rd period - Shot Misses the Net.
18:19 of 3rd period - Ryan Johansen is hit by Brett Lebda and loses puck.
Goals for this period are 2 for Saguenéens vs 2 for Gangsters.
Shots for this period are 4 for Saguenéens vs 9 for Gangsters.
Overtime #1
0:01 of 1st overtime period - Ryan Jones wins face-off versus Kyle Brodziak in neutral zone.
0:16 of 1st overtime period - Snap shot by Alexandre Bolduc.
0:16 of 1st overtime period - Shot Misses the Net.
0:44 of 1st overtime period - Snap shot by Artem Anisimov.
0:44 of 1st overtime period - Stopped by Harru Sateri without a rebound.
0:45 of 1st overtime period - Gustav Nyquist wins face-off versus Mathieu Perreault in Saguenéens zone.
1:00 of 1st overtime period - Slapshot by Kevin Marshall.
1:00 of 1st overtime period - Shot Blocked by Patrik Nemeth.
1:02 of 1st overtime period - Slapshot by Kevin Marshall.
1:02 of 1st overtime period - Deflect By Pierre-Luc Létourneau.
1:02 of 1st overtime period - Stopped by Dustin Tokarski with a rebound.
1:10 of 1st overtime period - Slapshot by Pierre-Luc Létourneau.
1:10 of 1st overtime period - Shot Misses the Net.
1:50 of 1st overtime period - Snap shot by Pierre-Luc Létourneau.
1:50 of 1st overtime period - Shot Blocked by Morgan Ellis.
2:03 of 1st overtime period - Icing by Artem Anisimov.
2:04 of 1st overtime period - Kyle Brodziak wins face-off versus Gustav Nyquist in Gangsters zone.
2:35 of 1st overtime period - Snap shot by Ryan Jones.
2:35 of 1st overtime period - Shot Misses the Net.
3:58 of 1st overtime period - Tim Kennedy is hit by Nathan Gerbe and loses puck.
4:13 of 1st overtime period - Richard Panik is hit by Kyle Brodziak and loses puck.
Goals for this period are 0 for Saguenéens vs 0 for Gangsters.
Shots for this period are 1 for Saguenéens vs 1 for Gangsters.
ShootOut
5:00 of 1st overtime period - Penalty Shot by Kyle Brodziak for Saguenéens.
5:00 of 1st overtime period - Deke by Kyle Brodziak.
5:00 of 1st overtime period - Goal by Kyle Brodziak.
5:00 of 1st overtime period - Penalty Shot by Richard Panik for Gangsters.
5:00 of 1st overtime period - Snap shot by Richard Panik.
5:00 of 1st overtime period - Stopped by Harru Sateri.
5:00 of 1st overtime period - Penalty Shot by Brian Flynn for Saguenéens.
5:00 of 1st overtime period - Wrist shot by Brian Flynn.
5:00 of 1st overtime period - Stopped by Dustin Tokarski.
5:00 of 1st overtime period - Penalty Shot by Alexandre Bolduc for Gangsters.
5:00 of 1st overtime period - Snap shot by Alexandre Bolduc.
5:00 of 1st overtime period - Goal by Alexandre Bolduc.
5:00 of 1st overtime period - Penalty Shot by Spencer Machacek for Saguenéens.
5:00 of 1st overtime period - Backhand shot by Spencer Machacek.
5:00 of 1st overtime period - Stopped by Dustin Tokarski.
5:00 of 1st overtime period - Penalty Shot by Ryan Jones for Gangsters.
5:00 of 1st overtime period - Wrist shot by Ryan Jones.
5:00 of 1st overtime period - Stopped by Harru Sateri.
5:00 of 1st overtime period - Penalty Shot by Pierre-Luc Létourneau for Saguenéens.
5:00 of 1st overtime period - Wrist shot by Pierre-Luc Létourneau.
5:00 of 1st overtime period - Stopped by Dustin Tokarski.
5:00 of 1st overtime period - Penalty Shot by Gustav Nyquist for Gangsters.
5:00 of 1st overtime period - Backhand shot by Gustav Nyquist.
5:00 of 1st overtime period - Shot Misses the Net.
5:00 of 1st overtime period - Penalty Shot by Tim Kennedy for Saguenéens.
5:00 of 1st overtime period - Deke by Tim Kennedy.
5:00 of 1st overtime period - Goal by Tim Kennedy.
5:00 of 1st overtime period - Penalty Shot by Ryan Johansen for Gangsters.
5:00 of 1st overtime period - Snap shot by Ryan Johansen.
5:00 of 1st overtime period - Goal by Ryan Johansen.
5:00 of 1st overtime period - Penalty Shot by Karel Pilar for Saguenéens.
5:00 of 1st overtime period - Snap shot by Karel Pilar.
5:00 of 1st overtime period - Goal by Karel Pilar.
5:00 of 1st overtime period - Penalty Shot by Nathan Gerbe for Gangsters.
5:00 of 1st overtime period - Wrist shot by Nathan Gerbe.
5:00 of 1st overtime period - Goal by Nathan Gerbe.
5:00 of 1st overtime period - Penalty Shot by Tyler McNeely for Saguenéens.
5:00 of 1st overtime period - Deke by Tyler McNeely.
5:00 of 1st overtime period - Shot Misses the Net.
5:00 of 1st overtime period - Penalty Shot by Maxime Sauvé for Gangsters.
5:00 of 1st overtime period - Wrist shot by Maxime Sauvé.
5:00 of 1st overtime period - Goal by Maxime Sauvé.
Back to the Top